 Dungeon Crawl Stone Soup version 0.31.0-32-g396128a36d (webtiles) character file.

Game seed: 3629389238136102535

4295 TacoSundae the Blocker (level 10, -15/123 HPs)
             Began as a Gnoll Fighter on Apr 13, 2024.
             Demolished by a vault guard
             ... wielding a +0 broad axe
              (18 damage)
             ... in a bailey.
             The game lasted 00:27:36 (7896 turns).

TacoSundae the Blocker (Gnoll Fighter)              Turns: 7896, Time: 00:27:37

Health: -15/123    AC: 10    Str: 18    XL:     10   Next: 32%
Magic:  18/18      EV: 12    Int: 12    God:
Gold:   298        SH:  6    Dex: 11    Spells: 19/19 levels left

rFire   + . .        a - +2 trident (drain)
rCold   . . .        c - +0 buckler
rNeg    . . .        A - +0 ring mail {rF+}
rPois   .            e - +0 helmet
rElec   .            (no cloak)
rCorr   +            (no gloves)
SInv    .            B - +1 pair of boots
Will    .....        k - amulet of the acrobat Stlth
                     v - ring of resist corrosion
HPRegen 0.40/turn    (no ring)
MPRegen 0.16/turn

%: acrobat
@: berserking, very quick
A: fangs 1, strong nose, distributed training, hooves 1, clever 1, screaming 1
a: no special abilities


You were in a bailey.
You visited 2 branches of the dungeon, and saw 8 of its levels.
You also visited: Sewer and Bailey.

You collected 298 gold pieces.

Inventory:

Hand Weapons
 a - a +2 trident of draining (weapon)
Missiles
 g - 7 javelins
 s - 15 poisoned darts (quivered)
 C - a curare-tipped dart
Armour
 b - a +1 scale mail
 c - a +0 buckler (worn)
 e - a +0 helmet (worn)
 A - a +0 ring mail of fire resistance (worn)
 B - a +1 pair of boots (worn)
Jewellery
 k - an amulet of the acrobat (around neck)
 t - a ring of magical power
 v - a ring of resist corrosion (left hand)
Talismans
 q - a talisman of death
Wands
 i - a wand of quicksilver (12)
 j - a wand of paralysis (23)
 u - a wand of mindburst (8)
Scrolls
 h - 5 scrolls of teleportation
 n - a scroll of vulnerability
 r - a scroll of enchant armour
 y - a scroll of immolation
Potions
 d - a potion of might
 f - 2 potions of ambrosia
 l - 4 potions of curing
 m - 4 potions of enlightenment
 o - a potion of brilliance
 p - 4 potions of haste
 w - 2 potions of attraction
 z - a potion of heal wounds
 D - a potion of invisibility
 E - a potion of mutation
 F - a potion of resistance {unknown}


   Skills:
 + Level 8.5 Fighting
 + Level 5.3 Short Blades
 + Level 5.3 Long Blades
 + Level 5.3 Axes
 + Level 5.3 Maces & Flails
 + Level 7.1 Polearms
 + Level 5.3 Staves
 + Level 5.3 Ranged Weapons
 + Level 5.3 Throwing
 + Level 8.5 Armour
 + Level 5.3 Dodging
 + Level 5.3 Stealth
 + Level 8.5 Shields
 + Level 5.3 Unarmed Combat
 + Level 5.3 Spellcasting
 + Level 4.4 Conjurations
 + Level 4.4 Hexes
 + Level 4.4 Summonings
 + Level 4.4 Necromancy
 + Level 4.4 Translocations
 + Level 4.4 Fire Magic
 + Level 4.4 Ice Magic
 + Level 4.4 Air Magic
 + Level 4.4 Earth Magic
 + Level 4.4 Alchemy
 + Level 5.9 Invocations
 + Level 5.3 Evocations
 + Level 4.9 Shapeshifting


You had 19 spell levels left.
You didn't know any spells.
Your spell library contained the following spells:

 Spells                   Type           Power      Damage    Failure   Level
 Magic Dart               Conj           52%        1d5       6%          1
 Blink                    Tloc           26%        N/A       9%          2
 Call Imp                 Summ           26%        N/A       9%          2
 Mercury Vapours          Alch/Air       26%        N/A       9%          2
 Call Canine Familiar     Summ           13%        N/A       19%         3
 Frozen Ramparts          Ice            26%        1d4       19%         3
 Sigil of Binding         Hex            13%        N/A       19%         3
 Stone Arrow              Conj/Erth      26%        3d8       19%         3
 Dimensional Bullseye     Hex/Tloc       6%         N/A       52%         4
 Flame Wave               Conj/Fire      13%        2d6       52%         4
 Leda's Liquefaction      Alch/Erth      6%         N/A       52%         4
 Petrify                  Alch/Erth      13%        N/A       52%         4
 Metabolic Englaciation   Hex/Ice        6%         N/A       86%         5


Dungeon Overview and Level Annotations

Branches:
Dungeon (7/15)             Temple (1/1) D:7           Sewer (visited)
 Bailey (1/1)

Altars:
Dithmenos
Elyvilon
Gozag
Nemelex Xobeh
Qazlal
Ru
Trog
Uskayaw
Vehumet
Wu Jian
Xom
Zin
The Shining One


Innate Abilities, Weirdness & Mutations

You have very sharp teeth.
Your uncanny sense of smell can sniff out nearby items.
Your experience applies equally to all skills.
You have large cloven feet.
Your mind is acute. (Int +4, Str/Dex -1)
You occasionally shout uncontrollably at your foes.


Message History

The vault guard easily resists.
The blink frog blinks!
The vault guard misses you.
Aiming: Paralyse
Press: ? - help, Shift-Dir - straight line, f/p - vault guard
Aim: a vault guard, wielding a +0 broad axe and wearing a +0 plate armour (lightly wounded, chance to affect: 28%)
The vault guard easily resists.
The vault guard hits you with a +0 broad axe!
The blink frog blinks!
You feel much better.
The vault guard hits you with a +0 broad axe!!
A red film seems to cover your vision as you go berserk!
You feel yourself moving faster!
You feel mighty! The vault guard barely misses you.
Unknown command.
You hit the vault guard. You drain the vault guard.
The vault guard is moderately wounded.
The vault guard hits you with a +0 broad axe!
You hit the vault guard.
The vault guard is moderately wounded.
The vault guard hits you with a +0 broad axe!
* * * LOW HITPOINT WARNING * * *
You completely miss the vault guard.
The vault guard is moderately wounded.
You impale the vault guard!!
The vault guard is heavily wounded.
The vault guard hits you with a +0 broad axe!
* * * LOW HITPOINT WARNING * * *
You puncture the vault guard! You drain the vault guard.
The vault guard is severely wounded.
The blink frog blinks!
The vault guard hits you with a +0 broad axe!
* * * LOW HITPOINT WARNING * * *
You closely miss the vault guard.
The vault guard is severely wounded.
The blink frog hits you!
* * * LOW HITPOINT WARNING * * *
You completely miss the vault guard.
The vault guard is severely wounded.
The vault guard hits you with a +0 broad axe!!
You die...

##....#≈~≈≈~.~≈#..~##
##..##≈~~~..~≈#...~#
##.#≈~~~...~≈##..~##
###≈~~~....~≈#~..~#
#≈~~~...~~≈##~..#
#≈~~~~....~≈###)#
#≈~~~.....~~≈≈≈.#
##≈~~.~.F~.....##
#≈~~...@...~~~#
##≈~~##p##~~~## ##≈#
...##~## ## .....###
#..∩..# #.....#
#.....# #!?.$?#


You could see a vault guard (drained) and a blink frog.

Vanquished Creatures
  A vault guard (Bailey)
  Pikel (D:7)
  Jeremiah (D:7)
  3 humans (Bailey)
  3 water moccasins
  A sky beast (D:7)
  A black bear (D:4)
  An ice beast (D:6)
  An ogre (D:5)
  A phantom (D:5)
  A kobold brigand (Sewer)
  10 bullfrogs
  4 scorpions (D:4)
  2 bombardier beetles
  4 hounds
  2 jellies
  2 iguanas
  3 orc wizards
  14 gnolls
  14 adders
  6 river rats (Sewer)
  2 white imps
  2 ufetubi (D:5)
  A dart slug (D:5)
  8 orcs
  16 ball pythons
  13 bats
  9 endoplasms
  3 giant cockroaches
  7 goblins
  7 hobgoblins
  3 jackals (D:1)
  4 quokkas
  4 frilled lizards
  27 kobolds
  23 rats
205 creatures vanquished.

Notes
Turn   | Place    | Note
-------+----------+-------------------------------------------
     0 | D:1      | TacoSundae the Gnoll Fighter began the quest for the Orb.
     0 | D:1      | Reached XP level 1. HP: 23/23 MP: 1/1
    73 | D:1      | Reached XP level 2. HP: 29/29 MP: 2/2
   217 | D:1      | Reached XP level 3. HP: 35/35 MP: 3/3
   392 | D:1      | Reached skill level 1 in Invocations
   606 | D:2      | Reached skill level 1 in Short Blades
   606 | D:2      | Reached skill level 1 in Long Blades
   606 | D:2      | Reached skill level 1 in Axes
   606 | D:2      | Reached skill level 1 in Maces & Flails
   606 | D:2      | Reached skill level 1 in Staves
   606 | D:2      | Reached skill level 1 in Ranged Weapons
   606 | D:2      | Reached skill level 1 in Throwing
   606 | D:2      | Reached skill level 1 in Dodging
   606 | D:2      | Reached skill level 1 in Stealth
   606 | D:2      | Reached skill level 1 in Unarmed Combat
   606 | D:2      | Reached skill level 1 in Spellcasting
   606 | D:2      | Reached skill level 1 in Evocations
   701 | D:2      | Reached skill level 1 in Shapeshifting
   701 | D:2      | Reached XP level 4. HP: 35/41 MP: 5/5
   862 | D:2      | Reached skill level 1 in Conjurations
   862 | D:2      | Reached skill level 1 in Hexes
   862 | D:2      | Reached skill level 1 in Summonings
   862 | D:2      | Reached skill level 1 in Necromancy
   862 | D:2      | Reached skill level 1 in Translocations
   862 | D:2      | Reached skill level 1 in Fire Magic
   862 | D:2      | Reached skill level 1 in Ice Magic
   862 | D:2      | Reached skill level 1 in Air Magic
   862 | D:2      | Reached skill level 1 in Earth Magic
   862 | D:2      | Reached skill level 1 in Alchemy
  1453 | D:3      | Reached XP level 5. HP: 38/47 MP: 5/7
  2660 | D:4      | Noticed a water moccasin
  2717 | D:4      | Gained mutation: You have large cloven feet. [potion of
                  | mutation]
  2717 | D:4      | Gained mutation: You occasionally shout uncontrollably at
                  | your foes. [potion of mutation]
  2717 | D:4      | Gained mutation: Your mind is acute. (Int +4, Str/Dex -1)
                  | [potion of mutation]
  2763 | D:4      | Reached skill level 5 in Polearms
  2763 | D:4      | Reached XP level 6. HP: 49/53 MP: 8/8
  2809 | D:4      | Killed a water moccasin
  2961 | D:4      | Reached XP level 7. HP: 24/60 MP: 10/10
  3613 | D:4      | Found Bisk's Assorted Antiques.
  3847 | D:5      | Entered Level 5 of the Dungeon
  3869 | D:5      | Reached XP level 8. HP: 67/67 MP: 12/12
  4342 | D:5      | Got the Meditations on the Prime Cumulonimbus
  5431 | D:6      | Found a stormy altar of Qazlal.
  5810 | D:6      | Found a glowing drain.
  5847 | Sewer    | Entered a sewer
  6287 | Sewer    | Reached XP level 9. HP: 57/73 MP: 14/14
  7179 | D:7      | Noticed Pikel
  7192 | D:7      | Killed Pikel
  7205 | D:7      | Found a staircase to the Ecumenical Temple.
  7214 | Temple   | Entered the Ecumenical Temple
  7221 | D:7      | Noticed Jeremiah
  7268 | D:7      | Killed Jeremiah
  7269 | D:7      | Reached skill level 5 in Invocations
  7449 | D:7      | Found a flagged portal.
  7457 | Bailey   | Entered a bailey
  7563 | Bailey   | Reached skill level 5 in Short Blades
  7563 | Bailey   | Reached skill level 5 in Long Blades
  7563 | Bailey   | Reached skill level 5 in Axes
  7563 | Bailey   | Reached skill level 5 in Maces & Flails
  7563 | Bailey   | Reached skill level 5 in Staves
  7563 | Bailey   | Reached skill level 5 in Ranged Weapons
  7563 | Bailey   | Reached skill level 5 in Throwing
  7563 | Bailey   | Reached skill level 5 in Dodging
  7563 | Bailey   | Reached skill level 5 in Stealth
  7563 | Bailey   | Reached skill level 5 in Unarmed Combat
  7563 | Bailey   | Reached skill level 5 in Spellcasting
  7563 | Bailey   | Reached skill level 5 in Evocations
  7563 | Bailey   | Reached XP level 10. HP: 52/81 MP: 17/17
  7668 | Bailey   | Noticed a vault guard
  7679 | Bailey   | Killed a vault guard
  7878 | Bailey   | Noticed a vault guard
  7895 | Bailey   | HP: 3/123 [blink frog (13)]
  7896 | Bailey   | Demolished by a vault guard

Illustrated notes

Levels and vault maps discovered:
D:1:      lightli_molten_gateway, layout_rooms, item_on_display_a
D:2:      layout_loops_ring, chequers_decorated_corner, minmay_cupped
D:3:      layout_basic
D:4:      old_forge, layout_basic, serial_shops, shop
D:5:      layout_basic
D:6:      layout_loops_corners, nicolae_qazlal_general_emergency,
          portal_sewer_entry_b, nicolae_hexahallways
D:7:      layout_basic, minmay_temple_entry_water_ring, enter_bailey_6,
          uniq_prince_ribbit1, uniq_pikel, uniq_jeremiah
Temple:   nicolae_temple_hex_pool
Bailey:   bailey_axe_froggy_fort_hellmonk, bailey

Skill      XL: |  1  2  3  4  5  6  7  8  9 10 |
---------------+-------------------------------+-----
Invocations    | 1 2 3 4 5 |  5.9
Short Blades   | 1 2 3 5 |  5.3
Long Blades    | 1 2 3 5 |  5.3
Axes           | 1 2 3 5 |  5.3
Maces & Flails | 1 2 3 5 |  5.3
Staves         | 1 2 3 5 |  5.3
Ranged Weapons | 1 2 3 5 |  5.3
Throwing       | 1 2 3 5 |  5.3
Dodging        | 1 2 3 5 |  5.3
Stealth        | 1 2 3 5 |  5.3
Unarmed Combat | 1 2 3 5 |  5.3
Spellcasting   | 1 2 3 5 |  5.3
Evocations     | 1 2 3 5 |  5.3
Shapeshifting  | 1 2 3 4 |  4.9
Conjurations   | 1 2 3 4 |  4.4
Hexes          | 1 2 3 4 |  4.4
Summonings     | 1 2 3 4 |  4.4
Necromancy     | 1 2 3 4 |  4.4
Translocations | 1 2 3 4 |  4.4
Fire Magic     | 1 2 3 4 |  4.4
Ice Magic      | 1 2 3 4 |  4.4
Air Magic      | 1 2 3 4 |  4.4
Earth Magic    | 1 2 3 4 |  4.4
Alchemy        | 1 2 3 4 |  4.4
Polearms       | 5 6 7 |  7.1
Fighting       | 7 8 |  8.5
Armour         | 7 8 |  8.5
Shields        | 7 8 |  8.5

Action                     |  1- 3 |  4- 6 |  7- 9 | 10-12 || total
---------------------------+-------+-------+-------+-------++-------
  Melee: Trident           |   113 |   218 |   531 |    51 ||   913
         Bite              |    10 |    18 |    45 |     6 ||    79
         Kick              |       |    14 |    58 |       ||    72
  Throw: Dart              |       |       |     2 |       ||     2
  Evoke: Wand              |       |       |       |    10 ||    10
    Use: Scroll            |       |    11 |    11 |       ||    22
         Potion            |       |     3 |     3 |     2 ||     8
   Stab: Sleeping          |       |       |     2 |       ||     2
         Paralysed         |       |       |       |     4 ||     4
 Armour: Scale mail        |    62 |   136 |   137 |       ||   335
         Ring mail         |       |       |   125 |    25 ||   150
  Dodge: Dodged            |    27 |    61 |   228 |    18 ||   334
  Block: Buckler           |    32 |    47 |   116 |    11 ||   206
